 Dungeon Crawl Stone Soup version 0.30.1-11-g7821555f0a (webtiles) character file.

Game seed: 2568969541675318902

4 comborobin the Sneak (level 1, 0/19 HPs)
             Began as a Hill Orc Delver on Dec 18, 2023.
             Was an Initiate of Okawaru.
             Slain by a white imp (3 damage)
             ... on level 5 of the Dungeon.
             The game lasted 00:00:40 (568 turns).

comborobin the Sneak (Hill Orc Delver)               Turns: 568, Time: 00:00:40

Health: 0/19       AC:  3    Str: 14    XL:     1   Next: 60%
Magic:  1/1        EV: 11    Int: 10    God:    Okawaru [......]
Gold:   10         SH:  0    Dex: 12    Spells: 0/0 levels left

rFire   . . .        a - +0 hand axe
rCold   . . .        (no shield)
rNeg    . . .        b - +0 leather armour
rPois   .            (no helmet)
rElec   .            (no cloak)
rCorr   .            (no gloves)
SInv    .            (no boots)
Will    .....        (no amulet)
Stlth   +            (no ring)
HPRegen 0.23/turn    (no ring)
MPRegen 0.07/turn

%: no passive effects
@: confused
A: no striking features
a: Renounce Religion


You were on level 5 of the Dungeon.
You worshipped Okawaru.
Okawaru was noncommittal.
You visited 2 branches of the dungeon, and saw 2 of its levels.

You collected 10 gold pieces.

Inventory:

Hand Weapons
 a - a +0 hand axe (weapon)
Armour
 b - a +0 leather armour (worn)
Wands
 g - a wand of digging (3)
Scrolls
 c - a scroll of fog
 d - a scroll of magic mapping
 e - a scroll of fear
Potions
 h - a potion of might {unknown}


   Skills:
 - Level 3.6 Fighting
 + Level 3.2 Axes
 - Level 1.5 Dodging
 - Level 4.1 Stealth


You couldn't memorise any spells.
You didn't know any spells.
Your spell library was empty.

Dungeon Overview and Level Annotations

Branches:
Dungeon (5/15)             Temple (1/1) D:5

Altars:
Ashenzari
Dithmenos
Elyvilon
Fedhas
Gozag
Okawaru
Qazlal
Ru
Sif Muna
Trog
Uskayaw
Vehumet
Wu Jian
Yredelemnul
Zin
The Shining One


Message History

Key pressed, stopping explore.
No target in view!
No target in view!
There is a stone staircase leading up here.
Found a dagger.
Found a ring mail.
An orc wizard comes into view. It is wielding a +0 club.
A white imp comes into view.
The white imp shouts, "Scamper home, thou artless full-gorged clack-dish!"
The white imp grinds its teeth.
You closely miss the orc wizard.
The orc wizard shouts!
You hear an angry hiss.
An iguana comes into view.
The orc wizard hits you with a +0 club.
You barely miss the orc wizard.
You punch the orc wizard, but do no damage.
You hit the white imp but do no damage.
The orc wizard hits you but does no damage.
The white imp closely misses you.
You barely miss the orc wizard. You hit the white imp but do no damage.
The orc wizard points at you and mumbles some strange words.
You are confused.
The white imp gestures at you. The puff of frost hits you!
The orc wizard casts a spell.
The orc wizard flickers and vanishes!
Deactivating autopickup; reactivate with Ctrl-A.
The white imp barely misses you. Something hits you.
* * * LOW HITPOINT WARNING * * *
Unknown command.
You bump into the rock wall.
Something hits you.
* * * LOW HITPOINT WARNING * * *
The white imp hits you but does no damage.
Unknown command.
You bump into the rock wall.
You hear some strange, mumbled words.
You are more confused.
The white imp hits you.
You die...

.## #.#.# .....# #.# .#
#.#.# #....# #.#
.##########.#.###..#.###
#.#
.......................
..#
###########.#.#....[.#
#.# #.#........#
#.###.l...## #.####5..##
#.....@{..#
#######....... #....#.#
#......# .......#
........# ........#
.......


You could see an iguana and a white imp.

Vanquished Creatures
  2 orcs (D:5)
2 creatures vanquished.

Notes
Turn   | Place    | Note
-------+----------+-------------------------------------------
     0 | D:5      | comborobin the Hill Orc Delver began the quest for the Orb.
     0 | D:5      | Reached XP level 1. HP: 19/19 MP: 1/1
    12 | D:5      | Found a staircase to the Ecumenical Temple.
    19 | Temple   | Entered the Ecumenical Temple
   224 | Temple   | Became a worshipper of Warmaster Okawaru
   558 | D:5      | Noticed an orc wizard
   563 | D:5      | Noticed an iguana
   568 | D:5      | Slain by a white imp

Illustrated notes

Levels and vault maps discovered:
D:5:      layout_loops_ring, nicolae_overflow_quartered_altars,
          minmay_temple_entry_arrows
Temple:   eino_temple_rhombus

Skill      XL: |  1 |
---------------+----+-----
Axes           | 3 |  3.2
Fighting       | |  3.6
Dodging        | |  1.5
Stealth        | |  4.1

Action                     || total
---------------------------++-------
  Melee: Hand axe          ||    26
         Punch             ||     1
  Throw: Stone             ||     2
    Use: Potion            ||     1
 Armour: Leather armour    ||     6
  Dodge: Dodged            ||    13
